 Dungeon Crawl Stone Soup version 0.29-a0-296-gda187f2e07 (webtiles) character file.

Game seed: 13871823558351294334

9 Crownlay the Magician (level 2, -1/26 HPs)
             Began as a Gnoll Wanderer on Mar 19, 2022.
             Succumbed to an adder's poison
             ... on level 2 of the Dungeon.
             The game lasted 00:00:49 (339 turns).

Crownlay the Magician (Gnoll Wanderer)               Turns: 339, Time: 00:00:50

Health: -1/26      AC:  2    Str:  9    XL:     2   Next: 12%
Magic:  10/10      EV: 11    Int: 14    God:
Gold:   4          SH:  0    Dex: 10    Spells: 14/15 levels left

rFire   . . .      SeeInvis .   a - +0 dagger
rCold   . . .      Faith    .   (no shield)
rNeg    . . .      Spirit   .   d - +0 robe
rPois   .          Reflect  .   (no helmet)
rElec   .          Harm     .   (no cloak)
rCorr   .          Rampage  .   (no gloves)
Will    .....                   (no boots)
Stlth   +.........              (no amulet)
HPRegen 0.08/turn               (no ring)
MPRegen 0.12/turn               (no ring)

@: lethally poisoned (-1 -> -9)
A: fangs 1, strong nose, distributed training
a: no special abilities


You were on level 2 of the Dungeon.
You visited 1 branch of the dungeon, and saw 2 of its levels.

You collected 4 gold pieces.

Inventory:

Hand Weapons
 a - a +0 dagger (weapon)
Missiles
 c - 47 stones
Armour
 d - a +0 robe (worn)
Scrolls
 b - 2 scrolls of blinking
Potions
 e - a potion of attraction
 f - a potion of lignification {unknown}


   Skills:
 + Level 4.4 Fighting
 + Level 0.3 Short Blades
 + Level 0.3 Long Blades
 + Level 0.3 Axes
 + Level 0.3 Maces & Flails
 + Level 0.3 Polearms
 + Level 0.3 Staves
 + Level 0.3 Slings
 + Level 0.3 Bows
 + Level 0.3 Crossbows
 + Level 0.3 Throwing
 + Level 2.4 Armour
 + Level 0.3 Dodging
 + Level 0.3 Stealth
 + Level 0.3 Shields
 + Level 0.3 Unarmed Combat
 + Level 7.1 Spellcasting
 + Level 0.2 Conjurations
 + Level 5.3 Hexes
 + Level 0.2 Summonings
 + Level 0.2 Necromancy
 + Level 0.2 Translocations
 + Level 0.2 Transmutations
 + Level 0.2 Fire Magic
 + Level 0.2 Ice Magic
 + Level 0.2 Air Magic
 + Level 0.2 Earth Magic
 + Level 0.2 Poison Magic
 + Level 0.4 Invocations
 + Level 0.3 Evocations


You had 14 spell levels left.
You knew the following spells:

 Your Spells              Type           Power      Damage    Failure   Level
a - Sandblast             Erth           10%        2d5       13%         1

Your spell library contained the following spells:

 Spells                   Type           Power      Damage    Failure   Level
 Slow                     Hex            80%        N/A       1%          1
 Tukima's Dance           Hex            20%        N/A       4%          3
 Pain                     Necr           20%        1d5       13%         1
 Summon Guardian Golem    Hex/Summ       12%        N/A       14%         3
 Mephitic Cloud           Conj/Pois/Air  5%         N/A       36%         3


Dungeon Overview and Level Annotations

Branches:
Dungeon (1/15)

Altars:

Annotations:
D:2 Terence


Innate Abilities, Weirdness & Mutations

You have very sharp teeth.
Your uncanny sense of smell can sniff out nearby items.
Your experience applies equally to all skills.


Message History

You see here a giant cockroach corpse.
An endoplasm comes into view.
An endoplasm is nearby!
An endoplasm is nearby!
Found a ring mail.
A sourceless malevolence fills the Dungeon...
You fall into a shaft and drop 1 floor!
The shaft crumbles and collapses.
Terence, an adder and a quokka come into view.
Terence is wielding a +0 trident of freezing.
Terence shouts!
The adder hisses angrily.
Found a wooden ring and 15 gold pieces.
Found a scroll labelled LURCHA GUILENG.
Terence closely misses you. Terence attacks as you move away!
Terence barely misses you.
Found 22 stones.
Terence drinks a potion.
Terence flickers and vanishes!
Deactivating autopickup; reactivate with Ctrl-A.
Found 8 gold pieces and a scroll labelled JYOCOTR ZYCHONUXKU.
The quokka misses you. The adder closely misses you. The adder misses you.
Something hits you. Something freezes you. The quokka attacks as you move away!
The quokka bites you. Something hits you! Something freezes you.
* * * LOW HITPOINT WARNING * * *
The adder bites you.
* * * LOW HITPOINT WARNING * * *
You are lethally poisoned!
The adder poisons you!
* * * LOW HITPOINT WARNING * * *
You feel sick.
* * * LOW HITPOINT WARNING * * *
You feel sick.
Found a rapier.
* * * LOW HITPOINT WARNING * * *
You feel sick. The adder attacks as you move away! The adder bites you.
* * * LOW HITPOINT WARNING * * *
You are more poisoned.
The adder poisons you!
A rat comes into view.
Found a scroll labelled JYOCOTR ZYCHONUXKU.
You die...

...................#
.................$.#
...................#
♣.♣..........#######
..................#
♣.♣.....###.#r....#
......... #.#S..(.#
.♣..###. #?#.....#
#.#@..### #.....#
........# ##...#...#
..).......
.#..#.#.#... ...##
..#..## r.. ?.##.#


You could see an adder, a quokka and a rat (asleep).

Vanquished Creatures
  An endoplasm (D:1)
  A giant cockroach (D:1)
  3 jackals (D:1)
  A frilled lizard (D:1)
  2 rats (D:1)
8 creatures vanquished.

Notes
Turn   | Place    | Note
-------+----------+-------------------------------------------
     0 | D:1      | Crownlay the Gnoll Wanderer began the quest for the Orb.
     0 | D:1      | Crownlay set off with the following items: a +0 dagger, a
                  | scroll of blinking, 31 stones, a +0 robe, a potion of
                  | attraction; and the following spells available to memorise:
                  | Slow, Tukima's Dance, Pain, Sandblast, Summon Guardian
                  | Golem, Mephitic Cloud
     0 | D:1      | Reached XP level 1. HP: 20/20 MP: 8/8
     2 | D:1      | Learned a level 1 spell: Sandblast
   168 | D:1      | Reached XP level 2. HP: 22/26 MP: 2/10
   325 | D:1      | You fall into a shaft and drop 1 floor!
   325 | D:2      | Noticed Terence
   339 | D:2      | HP: 1/26 [adder (1)]
   339 | D:2      | Succumbed to an adder's poison

Illustrated notes

Levels and vault maps discovered:
D:1:      onia_arrival_handbag, layout_basic, minmay_surrounded
D:2:      layout_rooms, serial_forest, infiniplex_forest_end_double,
          infiniplex_forest_lined_1, infiniplex_forest_end_3,
          infiniplex_forest_clump_cross, infiniplex_forest_lined_1,
          infiniplex_forest_clump_small, uniq_terence

Action                   || total
-------------------------++-------
Melee: Dagger            ||    16
 Cast: Sandblast         ||     7
Armor: Robe              ||     4
Dodge: Dodged            ||    19

Table legend: (Time is in decaauts)
 A = Elapsed time spent in this place.
 B = Non-inter-level travel time spent in this place.
 C = Inter-level travel time spent in this place.
 D = Time resting spent in this place.
 E = Time spent auto-exploring this place.
 F = Levels seen in this place.
 G = Mean time per level.
                   A        B        C        D        E       F      G
               +--------+--------+--------+--------+--------+-----+--------+
         Total |    338 |    338 |      0 |      0 |    277 |   2 |  169.0 |
       Dungeon |    338 |    338 |      0 |      0 |    277 |   2 |  169.0 |
               +--------+--------+--------+--------+--------+-----+--------+

Top non-repeatable levels by time:
     D:1: 325 daAuts
     D:2: 13 daAuts
